 Dungeon Crawl Stone Soup version 0.31-a0-1042-ga9834b393d (webtiles) character file.

Game seed: 8497013113150026538

48414 Gonzollydolly the Black Sun (level 14, -2/83 HPs)
             Began as a Kobold Necromancer on Nov 18, 2023.
             Was a High Priest of Kikubaaqudgha.
             Slain by an orc high priest
             ... wielding a +0 hand axe
              (8 damage)
             ... on level 2 of the Orcish Mines on Nov 19, 2023.
             The game lasted 01:50:08 (18430 turns).

Gonzollydolly the Black Sun (Kobold Necromancer)   Turns: 18430, Time: 01:50:08

Health: -2/83      AC: 17    Str:  5    XL:     14   Next: 86%
Magic:  9/27       EV: 17    Int: 20    God:    Kikubaaqudgha [*****.]
Gold:   983        SH:  4    Dex: 19    Spells: 5/31 levels left

rFire   . . .        J - +2 short sword (elec)
rCold   . . .        H - +0 buckler
rNeg    . . .        F - +0 troll leather armour
rPois   +            A - +2 helmet {SInv}
rElec   .            W - +2 cloak {Will+}
rCorr   +            C - +0 pair of gloves
SInv    +            D - +2 pair of boots
Will    ++...        M - amulet of regeneration
Stlth   +++++        h - +4 ring of protection
HPRegen 1.93/turn    g - ring of Oresuybb {Wiz Fly rPois rCorr Int+2}
MPRegen 0.20/turn

%: wizardry (x1)
@: death channelling, flying
A: small, no large weapons, nightstalker 3
a: Renounce Religion, Unearth Wretches, Torment


You were on level 2 of the Orcish Mines.
You worshipped Kikubaaqudgha.
Kikubaaqudgha was extremely pleased with you.
You visited 4 branches of the dungeon, and saw 20 of its levels.
You also visited: Gauntlet.

You collected 2281 gold pieces.
You spent 1298 gold pieces at shops.

Inventory:

Hand Weapons
 d - a +3 quick blade of chaos
 o - a +1 dagger of venom
 u - a +2 rapier of distortion
 w - a +2 short sword of venom
 J - a +2 short sword of electrocution (weapon)
Missiles
 i - 3 darts of dispersal
 P - 17 poisoned darts
 R - 4 throwing nets
 Y - 5 boomerangs
Armour
 a - the +1 pair of boots "Variekhliwk" {Contam rPois rCorr}
   (You found it in a Gauntlet)

   rPois:     It protects you from poison Contam: It causes magical
   contamination when unequipped.
   rCorr:     It protects you from acid and corrosion.
 A - a +2 helmet of see invisible (worn)
 C - a +0 pair of gloves (worn)
 D - a +2 pair of boots (worn)
 F - a +0 troll leather armour (worn)
 H - a +0 buckler (worn)
 N - a +2 robe of willpower
 W - a +2 cloak of willpower (worn)
Magical Staves
 y - a staff of earth
Jewellery
 g - the ring of Oresuybb (right hand) {Wiz Fly rPois rCorr Int+2}
   (You bought it in a shop on level 5 of the Dungeon)

   [ring of wizardry]

   Wiz:       It improves your spell success rate.
   Int+2:     It affects your intelligence (+2).
   rPois:     It protects you from poison Fly: It grants you flight.
   rCorr:     It protects you from acid and corrosion.
 h - a +4 ring of protection (left hand)
 l - a ring of magical power
 r - an amulet of magic regeneration
 B - a ring of magical power
 I - a ring of resist corrosion
 M - an amulet of regeneration (around neck)
Wands
 G - a wand of charming (8)
 L - a wand of flame (24)
 S - a wand of roots (6)
 U - a wand of mindburst (4)
 X - a wand of digging (11)
Scrolls
 c - 6 scrolls of teleportation
 e - a scroll of vulnerability
 j - 4 scrolls of amnesia
 m - a scroll of fog
 n - 2 scrolls of revelation
 s - 5 scrolls of summoning
 K - 2 scrolls of fear
 Q - a scroll of blinking
 V - a scroll of poison {unknown}
Potions
 b - a potion of magic
 f - 5 potions of enlightenment
 k - 7 potions of curing
 p - 7 potions of lignification
 q - 2 potions of brilliance
 t - 3 potions of resistance
 v - 4 potions of attraction
 x - a potion of heal wounds
 z - a potion of cancellation
 E - a potion of haste {unknown}
 O - 5 potions of might
 T - 12 potions of ambrosia


   Skills:
 - Level 7.8 Fighting
 + Level 11.7 Short Blades
 - Level 8.1 Dodging
 - Level 8.4 Stealth
 - Level 9.0 Spellcasting
 + Level 8.9 Hexes
 - Level 14.0 Necromancy
 - Level 7.6 Poison Magic
 - Level 6.6 Evocations
 - Level 1.7 Shapeshifting


You had 5 spell levels left.
You knew the following spells:

 Your Spells              Type           Power      Damage    Failure   Level
a - Necrotise             Necr           100%       1d9       1%          1
b - Vampiric Draining     Necr           60%        2d10      1%          3
c - Animate Dead          Necr           60%        N/A       1%          4
d - Dispel Undead         Necr           60%        3d21      1%          4
e - Anguish               Hex/Necr       26%        N/A       1%          4
f - Death Channel         Necr           30%        N/A       4%          6
g - Olgreb's Toxic Radia  Pois           39%        N/A       4%          4

Your spell library contained the following spells:

 Spells                   Type           Power      Damage    Failure   Level
 Kiss of Death            Conj/Necr      100%       2d13      1%          1
 Sting                    Tmut/Pois      96%        1d7       1%          1
 Sublimation of Blood     Necr           60%        N/A       1%          2
 Agony                    Necr           60%        N/A       1%          5
 Cause Fear               Hex            22%        N/A       2%          4
 Poisonous Vapours        Pois/Air       48%        N/A       3%          2
 Inner Flame              Hex/Fire       27%        N/A       4%          3
 Apportation              Tloc           18%        N/A       10%         1
 Summon Small Mammal      Summ           36%        N/A       10%         1
 Wereblood                Tmut           9%         N/A       16%         2
 Yara's Violent Unravell  Hex/Tmut       13%        3d7       38%         5
 Fireball                 Conj/Fire      4%         3d4       92%         5
 Irradiate                Conj/Tmut      4%         3d13      92%         5
 Iskenderun's Battlesphe  Conj           9%         2d6       92%         5
 Simulacrum               Ice/Necr       18%        N/A       61%         6
 Enfeeble                 Hex            22%        N/A       87%         7
 Borgnjor's Revivificati  Necr           30%        N/A       87%         8
 Haunt                    Necr/Summ      18%        N/A       98%         7
 Bombard                  Conj/Erth      4%         9d2       100%        6
 Spellforged Servitor     Conj/Summ      4%         N/A       100%        7
 Ignition                 Fire           4%         3d4       100%        8
 Death's Door             Necr           30%        N/A       100%        9
 Dragon's Call            Summ           4%         N/A       100%        9
 Fire Storm               Conj/Fire      4%         8d1       100%        9


Dungeon Overview and Level Annotations

Branches:
Dungeon (12/15) Zot: 26149  Temple (1/1) D:4 Zot: 5992    Lair (5/5) D:11 Zot: 23440
  Swamp (0/4) Lair:3        Snake (0/4) Lair:3        Slime (0/5) Lair:4
    Orc (2/2) D:9 Zot: 11220     Elf (0/3) Orc:2       Gauntlet (visited)

Altars:
Ashenzari
Cheibriados
Dithmenos
Elyvilon
Fedhas
Gozag
Hepliaklqana
Kikubaaqudgha
Makhleb
Nemelex Xobeh
Okawaru
Qazlal
Ru
Sif Muna
Trog
Uskayaw
Vehumet
Xom
Yredelemnul
Zin
The Shining One
Jiyva
Lugonu

Shops:
D:5 !=[(   D:7 ([(*(

Portals:
Abyss: Lair:5

Annotations:
D:3 2 transporters
D:4 1 runed translucent door, Pikel; Takeo's ghost, amateur OpSh
D:5 Edmund
D:6 1 transporter, kibaces's ghost, novice GrFi
Temple 2 transporters
Lair:4 1 runed translucent door


Innate Abilities, Weirdness & Mutations

You are small and have problems with some larger weapons.
You are completely attuned to the shadows.


Message History

The orc high priest is severely wounded.
Unknown command.
You hit the orc high priest.
The orc high priest is severely wounded.
The rust devil hits your spectral orc knight!
Your spectral orc knight seems to be corroded for longer.
The orc high priest calls down the wrath of Beogh upon you.
Beogh smites you!
Your spectral orc knight hits the rust devil but does no damage.
Your spectral gnoll hits the orc high priest.
You hit the orc high priest.
The orc high priest is almost dead.
The sixfirhy closely misses you.
The rust devil hits your spectral orc knight.
Your spectral orc knight seems to be corroded for longer.
The orc priest mumbles some strange prayers to Beogh against you.
Beogh smites you!
* * * LOW HITPOINT WARNING * * *
You block the orc high priest's attack.
The orc high priest barely misses your spectral gnoll.
The orc high priest hits your spectral orc knight with a +0 hand axe.
Your spectral orc knight hits the rust devil.
Your spectral gnoll hits the orc high priest.
You barely miss the orc high priest.
The orc high priest is almost dead.
The sixfirhy completely misses you.
The sixfirhy hits you but does no damage.
Unknown command.
You puncture the orc high priest!
The orc high priest is almost dead.
The sixfirhy hits you.
* * * LOW HITPOINT WARNING * * *
The sixfirhy shocks you!
* * * LOW HITPOINT WARNING * * *
The sixfirhy closely misses you.
The rust devil hits your spectral orc knight.
Your spectral orc knight seems to be corroded for longer.
The orc high priest hits you with a +0 hand axe!
You die...
Kikubaaqudgha rasps: "You have failed me!
Welcome... death!"

# ### .... .#.. #..
.....##...... #..
............# .##..
#...........# ...#..
#.........# #.......
##..@...).)# .<......
..Zo3).))..###.......
.4Z.o...))))#.......#
......##))).)........
....#####)..)........
...# ###....##.###
#.....#### ###..##
#.##


You could see an orc high priest (strong, ally target), a rust devil (summoned,
distracted, ally target), a sixfirhy (summoned), an orc priest, a friendly
spectral gnoll and a friendly spectral orc knight (corroded).

Vanquished Creatures
  A minotaur (Gauntlet)
  The ghost of Miraos the Skirmisher, a journeyman TeHu of Elyvilon (Lair:1)
  Harold (D:10)
  A boulder beetle (D:12)
  3 two-headed ogres
  3 thrashing horrors (Lair:5)
  A lindwurm (shapeshifter) (Lair:5)
  2 ugly things (Lair:5)
  An orc sorcerer (Orc:2)
  An orc knight (Orc:2)
  A moth of wrath (Gauntlet)
  Maurice (Orc:1)
  A black mamba (Lair:5)
  An elephant (Lair:5)
  A naga mage (Gauntlet)
  A gargoyle (D:12)
  10 cane toads
  3 rime drakes
  5 komodo dragons
  Jeremiah (D:8)
  4 meliai
  2 trolls
  A polar bear (Lair:5)
  A raiju (Lair:5)
  7 blink frogs
  A blink frog (shapeshifter) (Lair:5)
  A jumping spider (shapeshifter) (Lair:5)
  A wraith (D:10)
  A shadow (D:10)
  A wyvern (D:9)
  26 yaks
  A ynoxinul (Lair:5)
  4 vampire mosquitoes (D:11)
  3 basilisks
  A steam dragon (Lair:2)
  A naga (Lair:3)
  A swamp worm (Lair:3)
  2 wargs (Orc:2)
  9 water moccasins
  4 orc warriors
  An ice beast (D:8)
  A sky beast (D:7)
  A boggart (Gauntlet)
  7 wolves
  4 centaurs
  3 ogres
  A lemure (D:5)
  2 kobold brigands
  11 bullfrogs
  3 scorpions
  7 small abominations (Lair:5)
  3 wights (D:6)
  28 killer bees
  4 howler monkeys (D:9)
  4 electric eels
  A jelly (D:5)
  5 hounds
  7 orc priests
  A sleepcap (D:5)
  A gnoll bouda (D:6)
  6 iguanas
  10 orc wizards
  A killer bee zombie (D:11)
  7 gnolls
  7 adders
  A shadow imp (D:6)
  A white imp (D:5)
  4 ufetubi (D:6)
  2 worms
  A dart slug (D:1)
  32 orcs
  9 endoplasms
  6 giant cockroaches
  4 goblins
  3 hobgoblins
  4 jackals
  14 kobolds
  2 quokkas
  4 ball pythons
  3 bats (D:2)
  4 rats
332 creatures vanquished.

Vanquished Creatures (collateral kills)
  A hydra (Lair:2)
  A boulder beetle (Lair:5)
  A thrashing horror (Lair:5)
  A large abomination (Lair:5)
  A deep elf pyromancer (D:12)
  6 elephants (Lair:5)
  A torpor snail (Lair:5)
  4 cane toads
  2 rime drakes
  2 komodo dragons
  2 trolls (D:11)
  A queen bee (D:11)
  A polar bear (Lair:5)
  6 blink frogs (Lair:5)
  A wyvern (Lair:2)
  A ynoxinul (Lair:5)
  A spriggan (Lair:5)
  13 yaks
  3 basilisks
  2 chaos spawn (Lair:5)
  3 wargs (Orc:2)
  7 water moccasins
  An orc warrior (D:9)
  2 wolves
  A centaur (D:10)
  8 small abominations (Lair:5)
  2 bullfrogs
  A gnoll sergeant (Orc:2)
  9 killer bees
  2 howler monkeys (D:9)
  2 jellies
  4 hounds (D:11)
  4 orc wizards
  4 gnolls
  An adder (D:6)
  13 orcs
  An endoplasm (D:1)
  3 kobolds (D:9)
  A frilled lizard (D:1)
  A rat (D:1)
  3 butterflies (Lair:5)
124 creatures vanquished.

Vanquished Creatures (others)
  Erolcha (Orc:2)
  An orc knight (Orc:2)
  An ugly thing zombie (Lair:5)
  A black mamba (Lair:3)
  2 meliai (Gauntlet)
  2 blink frogs (Lair:2)
  2 merfolk (Gauntlet)
  A moth of wrath zombie (Gauntlet)
  2 meliai zombies (Gauntlet)
  A black mamba zombie (Lair:5)
  2 yaks (Lair:5)
  A two-headed ogre zombie (D:11)
  A merfolk zombie (Gauntlet)
  A water moccasin (Lair:5)
  A human zombie (D:10)
  3 orc warriors
  6 blink frog zombies (Lair:5)
  A wolf (Lair:3)
  A vampire mosquito zombie (D:11)
  4 water moccasin zombies
  A spriggan zombie (Lair:5)
  A warg zombie (Orc:2)
  10 yak zombies
  A polar bear zombie (Lair:5)
  6 killer bees (D:11)
  3 wolf zombies (Lair:3)
  A basilisk zombie (Lair:5)
  A bullfrog zombie (D:8)
  A centaur zombie (D:9)
  12 killer bee zombies
  An ogre zombie (Orc:2)
  An adder zombie (D:6)
  An orc (Orc:1)
  5 gnoll zombies (D:6)
  2 kobold zombies (D:10)
  10 orc zombies
92 creatures vanquished.

Grand Total: 548 creatures vanquished

Notes
Turn   | Place    | Note
-------+----------+-------------------------------------------
     0 | D:1      | Gonzollydolly the Kobold Necromancer began the quest for
                  | the Orb.
     0 | D:1      | Reached XP level 1. HP: 10/10 MP: 3/3
   152 | D:1      | Reached XP level 2. HP: 14/15 MP: 1/5
   290 | D:1      | Reached skill level 1 in Short Blades
   503 | D:1      | Reached XP level 3. HP: 19/19 MP: 4/6
  1060 | D:2      | Learned a level 3 spell: Vampiric Draining
  1122 | D:2      | Reached XP level 4. HP: 24/24 MP: 2/7
  1303 | D:2      | Reached skill level 5 in Necromancy
  2003 | D:3      | Found a transporter.
  2244 | D:3      | Reached XP level 5. HP: 28/28 MP: 9/9
  2295 | D:3      | Found a transporter.
  2335 | D:3      | Found a faded altar of an unknown god.
  2720 | D:4      | Noticed a lemure
  2757 | D:4      | Found a staircase to the Ecumenical Temple.
  2767 | Temple   | Found a transporter.
  2767 | Temple   | Found a transporter.
  2767 | Temple   | Found a transporter.
  2767 | Temple   | Found a transporter.
  2767 | Temple   | Entered the Ecumenical Temple
  2892 | D:4      | Reached skill level 6 in Necromancy
  2892 | D:4      | Reached XP level 6. HP: 32/32 MP: 11/11
  2897 | D:4      | Learned a level 4 spell: Animate Dead
  2897 | D:4      | Found a runed translucent door.
  2898 | D:4      | Noticed Takeo's ghost (amateur OpSh)
  3049 | D:4      | Noticed Pikel
  3105 | D:5      | Entered Level 5 of the Dungeon
  3164 | D:5      | Noticed a water elemental
  3258 | D:5      | Found Zuklul's Jewellery Boutique.
  3400 | D:5      | Reached XP level 7. HP: 36/36 MP: 6/13
  3938 | D:5      | Noticed Edmund
  3952 | D:5      | Found Osacw's Antique Weapon Boutique.
  3996 | D:5      | Found a stormy altar of Qazlal.
  3999 | D:5      | Noticed a fire elemental
  3999 | D:5      | Noticed an air elemental
  4049 | D:5      | Reached skill level 7 in Necromancy
  4145 | D:5      | Found Gudis's Distillery.
  4150 | D:5      | Bought a potion of heal wounds for 50 gold pieces
  4150 | D:5      | Bought a potion of degeneration for 10 gold pieces
  4150 | D:5      | Bought a potion of heal wounds for 50 gold pieces
  4150 | D:5      | Bought a potion of heal wounds for 50 gold pieces
  4272 | D:5      | Found Raihiw's Armour Emporium.
  4882 | D:6      | Reached skill level 5 in Spellcasting
  4882 | D:6      | Reached XP level 8. HP: 29/41 MP: 15/15
  4960 | D:6      | Reached skill level 8 in Necromancy
  5197 | D:6      | Found a transporter.
  5201 | D:6      | Noticed kibaces's ghost (novice GrFi)
  5363 | D:6      | Reached skill level 5 in Short Blades
  5632 | D:7      | Found Maste's Antique Armour Shoppe.
  5638 | D:7      | Found Bugaw's Antique Weapon Shoppe.
  5691 | D:7      | Found Zetyilav's Antique Weapon Shoppe.
  5733 | D:7      | Found Fompic's Weapon Shoppe.
  5788 | D:7      | Found Girhuur's General Store.
  5793 | D:7      | Bought a scroll of teleportation for 39 gold pieces
  5868 | D:7      | Found a basalt altar of Yredelemnul.
  5921 | D:7      | Reached skill level 9 in Necromancy
  6050 | D:7      | Reached XP level 9. HP: 45/45 MP: 16/16
  6326 | D:8      | Noticed Jeremiah
  6333 | D:8      | Killed Jeremiah
  6392 | D:8      | Reached skill level 10 in Necromancy
  6423 | D:8      | Reached skill level 1 in Evocations
  6670 | D:8      | Found an iron altar of Okawaru.
  6723 | D:8      | Found a sacrificial altar of Ru.
  6745 | D:8      | Found an ancient bone altar of Kikubaaqudgha.
  6998 | D:8      | Became a worshipper of Kikubaaqudgha
  7038 | D:9      | Reached skill level 5 in Stealth
  7049 | D:9      | Reached XP level 10. HP: 50/50 MP: 17/17
  7085 | D:9      | Reached skill level 5 in Evocations
  7115 | D:9      | Reached * piety under Kikubaaqudgha
  7115 | D:9      | Received a gift from Kikubaaqudgha
  7356 | D:9      | Found a staircase to the Orcish Mines.
  7699 | D:10     | Entered Level 10 of the Dungeon
  7799 | D:10     | Noticed Harold
  7808 | D:10     | Killed Harold
  7809 | D:10     | Reached skill level 1 in Shapeshifting
  7938 | D:10     | Reached skill level 5 in Dodging
  7941 | D:10     | Reached XP level 11. HP: 26/60 MP: 18/18
  7960 | D:10     | Your ally Harold died
  7973 | D:10     | Reached skill level 5 in Fighting
  7974 | D:10     | Reached ** piety under Kikubaaqudgha
  8399 | D:10     | Found a burning altar of Makhleb.
  8420 | D:10     | Noticed a green death
  8488 | D:7      | Bought a runed cloak for 157 gold pieces
  8493 | D:7      | Upgraded the game from 0.31-a0-1029-ge8c24b2130 to
                  | 0.31-a0-1042-ga9834b393d
  8856 | D:11     | Noticed a two-headed ogre
  8860 | D:11     | Killed a two-headed ogre
  8877 | D:11     | Reached *** piety under Kikubaaqudgha
  8877 | D:11     | Received a gift from Kikubaaqudgha
  8965 | D:11     | Learned a level 4 spell: Dispel Undead
  8970 | D:11     | Learned a level 4 spell: Anguish
  9019 | D:11     | Noticed a two-headed ogre
  9025 | D:11     | Killed a two-headed ogre
  9026 | D:11     | Reached skill level 1 in Hexes
  9244 | D:11     | Reached XP level 12. HP: 73/73 MP: 11/19
  9245 | D:11     | Reached skill level 11 in Necromancy
  9451 | D:11     | Found a staircase to the Lair.
  9971 | D:12     | Noticed a boulder beetle
  9981 | D:12     | Killed a boulder beetle
 10150 | D:12     | Identified 3 scrolls of acquirement
 10166 | D:12     | Acquired a +1 helmet of see invisible
 10173 | D:12     | Acquired a +1 vampiric quick blade
 10180 | D:12     | Acquired 626 gold pieces
 10431 | D:5      | Bought the ring of Oresuybb {Wiz Fly rPois rCorr Int+2} for
                  | 743 gold pieces
 10558 | Lair:1   | Entered Level 1 of the Lair of Beasts
 10656 | Lair:1   | Found a gate leading to a gauntlet.
 10677 | Gauntlet | Entered a Gauntlet
 10681 | Gauntlet | Found a transporter.
 10702 | Gauntlet | Found a large runed translucent door.
 10703 | Gauntlet | Found a large runed translucent door.
 10704 | Gauntlet | Found a large runed translucent door.
 10704 | Gauntlet | Found a large runed translucent door.
 10707 | Gauntlet | Found a large runed translucent door.
 10707 | Gauntlet | Found a large runed translucent door.
 10708 | Gauntlet | Found a large runed translucent door.
 10708 | Gauntlet | Found a large runed translucent door.
 10716 | Gauntlet | Found a runed translucent gate.
 10717 | Gauntlet | Found a transporter.
 10717 | Gauntlet | Found a transporter.
 10717 | Gauntlet | Found a runed translucent gate.
 10733 | Gauntlet | Found a transporter.
 10741 | Gauntlet | Noticed a ghost crab
 10758 | Gauntlet | Found a large runed translucent door.
 10758 | Gauntlet | Found a large runed translucent door.
 10761 | Gauntlet | Found a large runed translucent door.
 10761 | Gauntlet | Found a large runed translucent door.
 10764 | Gauntlet | Found a large runed translucent door.
 10764 | Gauntlet | Found a large runed translucent door.
 10764 | Gauntlet | Found a large runed translucent door.
 10764 | Gauntlet | Found a large runed translucent door.
 10766 | Gauntlet | Noticed a wretched star
 10769 | Gauntlet | Found a runed translucent door.
 10770 | Gauntlet | Found a transporter.
 10770 | Gauntlet | Found a transporter.
 10786 | Gauntlet | Found a transporter.
 10808 | Gauntlet | Found a transporter.
 10808 | Gauntlet | Found a transporter.
 10826 | Gauntlet | Found a transporter.
 10826 | Gauntlet | Found a transporter.
 10844 | Gauntlet | Found a transporter.
 10865 | Gauntlet | Found the +8 demon trident "Rift" {distort, reach+}
 10894 | Gauntlet | Found a runed translucent door.
 10940 | Gauntlet | Found a runed translucent gate.
 11013 | Gauntlet | Noticed a red very ugly thing
 11013 | Gauntlet | Noticed a brown very ugly thing
 11013 | Gauntlet | Noticed an ironbound thunderhulk
 11017 | Gauntlet | Reached skill level 5 in Hexes
 11024 | Gauntlet | Noticed an ironbound thunderhulk
 11024 | Gauntlet | Noticed an ironbound thunderhulk
 11107 | Gauntlet | Identified the +1 pair of boots "Variekhliwk" {Contam rPois
                  | rCorr}
 11279 | Gauntlet | Noticed a minotaur
 11302 | Gauntlet | Killed a minotaur
 11303 | Gauntlet | Reached skill level 12 in Necromancy
 11310 | Gauntlet | Got the Quarto of the Volcano
 11553 | Lair:1   | Found a runed translucent door.
 12406 | Lair:1   | Noticed Miraos's ghost (journeyman TeHu)
 12411 | Lair:1   | Killed Miraos's ghost
 12491 | Lair:2   | Learned a level 6 spell: Death Channel
 12562 | Lair:2   | Reached XP level 13. HP: 49/78 MP: 11/22
 12677 | Lair:2   | Noticed a four-headed hydra
 12683 | Lair:2   | Killed a four-headed hydra
 13027 | Lair:2   | Reached skill level 13 in Necromancy
 13032 | Lair:2   | Learned a level 4 spell: Olgreb's Toxic Radiance
 13082 | Lair:2   | Reached skill level 1 in Poison Magic
 13931 | Lair:3   | Found a staircase to the Snake Pit.
 14238 | Lair:3   | Found a staircase to the Swamp.
 14241 | Lair:3   | Reached **** piety under Kikubaaqudgha
 14679 | D:7      | Bought a pair of brightly glowing gloves for 199 gold
                  | pieces
 14679 | D:7      | Identified the +1 pair of gloves "Zacorph" {Str+4 Dex-5
                  | Stlth+} (You bought it in a shop on level 7 of the Dungeon)
 14926 | Lair:4   | Reached skill level 5 in Poison Magic
 15839 | Lair:4   | Found a runed translucent door.
 15840 | Lair:4   | Found a viscous altar of Jiyva.
 15842 | Lair:4   | Found a staircase to the Slime Pits.
 15842 | Lair:4   | Noticed an azure jelly
 15889 | Lair:5   | Entered Level 5 of the Lair of Beasts
 16237 | Lair:5   | Reached XP level 14. HP: 73/83 MP: 14/27
 16295 | Lair:5   | Reached skill level 14 in Necromancy
 16351 | Lair:5   | Reached ***** piety under Kikubaaqudgha
 16567 | Lair:5   | Reached skill level 10 in Short Blades
 16628 | Lair:5   | Found a corrupted altar of Lugonu.
 16629 | Lair:5   | Found a one-way gate to the infinite horrors of the Abyss.
 17046 | Lair:5   | Identified the +2 trident of Tension {holy, rElec rPois
                  | Str+3}
 17691 | Orc:1    | Entered Level 1 of the Orcish Mines
 17885 | Orc:1    | Noticed Maurice
 17902 | Orc:1    | Maurice stole a +3 quick blade of chaos
 17903 | Orc:1    | Killed Maurice
 18138 | Orc:2    | Entered Level 2 of the Orcish Mines
 18215 | Orc:2    | Found a staircase to the Elven Halls.
 18323 | Orc:2    | Found a radiant altar of Vehumet.
 18395 | Orc:2    | Noticed Erolcha
 18406 | Orc:2    | Killed Erolcha
 18430 | Orc:2    | Slain by an orc high priest

Illustrated notes

Levels and vault maps discovered:
D:1:      scummos_arrival_simple_crosswalls, layout_rooms, st_stairs_1
D:2:      layout_basic
D:3:      gammafunk_wand_slinger, layout_rooms,
          hellmonk_ecumenical_altar_arch_garden, chequers_serial_rivers_marsh
D:4:      layout_basic, pdpol_wu_jian_five_deadly_venoms,
          minmay_temple_entry_junction, ebering_ghost_inner_flame,
          uniq_blork_the_orc, uniq_pikel
D:5:      layout_loops_ring, nicolae_qazlal_style_of_elements, serial_shops,
          shop, shop, shop, shop, uniq_edmund
D:6:      layout_loops_ring, gammafunk_ghost_smash
D:7:      layout_gridville, mainiacjoe_overflow_24_doors, serial_shops,
          nicolae_shop_temple_entry_statues_fountains, shop,
          nicolae_shop_bloodbath_and_beyond, shop, shop
D:8:      layout_cave_pools, mainiacjoe_overflow_catwalk_spiral,
          mainiacjoe_overflow_concentric_impassable, uniq_jeremiah
D:9:      layout_cross, orc_0_dummy
D:10:     layout_cave_pools, makhleb_altar_promises_db, uniq_harold
D:11:     layout_roguey [special_room_bee], erik_lair_island,
          serial_co_window_serial, co_window_paths_a, co_window_paths_a,
          co_window_paths_b, co_window_paths_a, co_window_of_opportunity_a,
          co_window_corner_a, co_window_paths_a, co_window_corner_a,
          co_window_corner_a, co_window_corner_cb, co_window_corner_b,
          co_window_2corner, co_window_of_opportunity_c, glass_columns_c,
          glass_columns_b, glass_columns_b
D:12:     layout_irregular_city, minmay_librarian
Temple:   hellmonk_temple_divided_pantheon
Lair:1:   layout_cave_pods, ebering_ghost_reflecting_pool,
          gauntlet_entry_generic, st_stairs_4
Lair:2:   layout_long_grid
Lair:3:   layout_cave_shapes, nicolae_swamp_entry_splash_gauntlet,
          guppyfry_snake_entry_garden, infiniplex_staircase_pool,
          lemuel_fruit_fields, lemuel_fruit_tree
Lair:4:   layout_gridlike, slime_entry_2, serial_rivers,
          chequers_serial_rivers_large_a, chequers_serial_rivers_room_b,
          chequers_serial_rivers_micro_a, chequers_serial_rivers_marsh,
          grunt_megastairs_5
Lair:5:   hellmonk_lair_end_abyssal_woods, layout_concentric_octagons,
          lemuel_fruit_fields, grunt_megastairs_3
Orc:1:    layout_caves, gammafunk_ghost_grave, uniq_maurice
Orc:2:    kennysheep_orc_mage_school, layout_diamond_mine, basic_altar,
          guppyfry_orc_lava_fort, uniq_erolcha, uniq_josephine

Skill      XL: |  1  2  3  4  5  6  7  8  9 10 11 12 13 14 |
---------------+-------------------------------------------+-----
Short Blades   | 1 2 6 8 11 | 11.7
Necromancy     | 5 6 7 9 10 12 13 14 | 14.0
Spellcasting   | 3 4 5 6 9 |  9.0
Stealth        | 5 8 |  8.4
Evocations     | 4 6 |  6.6
Dodging        | 5 8 |  8.1
Fighting       | 3 7 |  7.8
Shapeshifting  | 1 |  1.7
Hexes          | 2 6 8 |  8.9
Poison Magic   | 7 |  7.6

Action                     |  1- 3 |  4- 6 |  7- 9 | 10-12 | 13-15 || total
---------------------------+-------+-------+-------+-------+-------++-------
  Melee: Unarmed           |    11 |       |       |       |       ||    11
         Punch             |     2 |       |     6 |    10 |     9 ||    27
         Short sword       |    21 |    11 |       |   238 |   521 ||   791
         Dagger            |       |    53 |   200 |   167 |       ||   420
         Quick blade       |       |       |       |    72 |       ||    72
  Throw: Dart              |       |       |       |     5 |       ||     5
         Throwing net      |       |       |       |     1 |       ||     1
         Boomerang         |       |       |       |     1 |       ||     1
   Cast: Necrotise         |    49 |    55 |    37 |    13 |       ||   154
         Animate Dead      |       |     1 |     8 |    15 |     8 ||    32
         Vampiric Draining |       |       |     2 |    23 |     8 ||    33
         Dispel Undead     |       |       |       |     8 |     5 ||    13
         Anguish           |       |       |       |     5 |    14 ||    19
         Death Channel     |       |       |       |     1 |    16 ||    17
         Olgreb's Toxic Ra |       |       |       |       |    12 ||    12
 Invoke: Unearth Wretches  |       |       |       |     2 |       ||     2
  Evoke: Wand              |       |       |     6 |    19 |    13 ||    38
    Use: Scroll            |       |     7 |     5 |    20 |     3 ||    35
         Potion            |       |       |       |     8 |       ||     8
   Stab: Sleeping          |     3 |    17 |    12 |    19 |    21 ||    72
         Distracted        |       |       |     3 |     9 |    21 ||    33
         Invisible         |       |       |       |     4 |       ||     4
         Held in net/web   |       |       |       |     2 |       ||     2
 Armour: Robe              |    17 |    22 |    98 |   146 |       ||   283
         Troll leather arm |       |       |       |    72 |   194 ||   266
         Leather armour    |       |       |       |     9 |       ||     9
  Dodge: Dodged            |    25 |    38 |   142 |   379 |   301 ||   885
  Block: Buckler           |       |       |       |       |    12 ||    12

Table legend: (Time is in decaauts)
 A = Elapsed time spent in this place.
 B = Non-inter-level travel time spent in this place.
 C = Inter-level travel time spent in this place.
 D = Time resting spent in this place.
 E = Time spent auto-exploring this place.
 F = Levels seen in this place.
 G = Mean time per level.
                   A        B        C        D        E       F      G
               +--------+--------+--------+--------+--------+-----+--------+
         Total |  19348 |  17814 |   1534 |   2736 |  10855 |  21 |  921.3 |
       Dungeon |  11362 |  10245 |   1117 |   1877 |   6152 |  12 |  946.8 |
        Temple |      7 |      7 |      0 |      0 |      0 |   1 |    7.0 |
          Lair |   6559 |   6157 |    402 |    616 |   4291 |   5 | 1311.8 |
  Orcish Mines |    779 |    765 |     14 |     42 |    411 |   2 |  389.5 |
      Gauntlet |    639 |    639 |      0 |    201 |      0 |   1 |  639.0 |
               +--------+--------+--------+--------+--------+-----+--------+

Top non-repeatable levels by time:
  Lair:5: 1740 daAuts
  Lair:2: 1596 daAuts
    D:11: 1547 daAuts
     D:6: 1492 daAuts
  Lair:1: 1435 daAuts
     D:8: 1172 daAuts
     D:5: 1155 daAuts
  Lair:4: 1022 daAuts
     D:1: 1010 daAuts
     D:2: 987 daAuts
     D:9: 856 daAuts
    D:10: 849 daAuts
  Lair:3: 764 daAuts
     D:7: 737 daAuts
     D:3: 731 daAuts
